 Dungeon Crawl Stone Soup version 0.28-a0-851-g8b9cc49659 (webtiles) character file.

Game seed: 11891525353350390073

4365 funkygono the Thaumaturge (level 10, -1/51 HPs)
             Began as a Deep Elf Fire Elementalist on Nov 14, 2021.
             Slain by a gargoyle (10 damage)
             ... on level 7 of the Dungeon.
             The game lasted 00:13:03 (8617 turns).

funkygono the Thaumaturge (DEFE)                    Turns: 8617, Time: 00:13:04

Health: -1/51      AC:  6    Str:  5    XL:     10   Next: 13%
Magic:  7/29       EV: 13    Int: 24    God:
Gold:   296        SH:  0    Dex: 19    Spells: 25/35 levels left

rFire   + . .      SeeInvis .   c - +3 short sword (drain)
rCold   + . .      Faith    .   (no shield)
rNeg    . . .      Spirit   .   x - +0 robe of Bibeiniu {Harm rF+ rC+ Dex+4}
rPois   .          Reflect  .   t - +0 helmet
rElec   .          Harm     +   q - scarf {repulsion}
rCorr   .          Rampage  .   e - +1 pair of gloves
Will    +....                   r - +0 pair of boots
Stlth   +++.......              (no amulet)
HPRegen 0.17/turn               h - ring of flight
MPRegen 0.21/turn               (no ring)

@: flying, repel missiles
A: no striking features
a: no special abilities


You were on level 7 of the Dungeon.
You visited 1 branch of the dungeon, and saw 7 of its levels.

You collected 296 gold pieces.

Inventory:

Hand Weapons
 c - a +3 short sword of draining (weapon)
Missiles
 b - 177 stones
 E - a throwing net
Armour
 a - a +0 robe
 d - a +0 ring mail of positive energy
 e - a +1 pair of gloves (worn)
 q - a scarf of repulsion (worn)
 r - a +0 pair of boots (worn)
 t - a +0 helmet (worn)
 x - the +0 robe of Bibeiniu (worn) {Harm rF+ rC+ Dex+4}
   (You found it on level 4 of the Dungeon)

   Dex:       It affects your dexterity (+4).
   rF:        It protects you from fire.
   rC:        It protects you from cold.
   Harm:      It increases damage dealt and taken.
Magical Staves
 i - a staff of earth
Jewellery
 h - a ring of flight (left hand)
Wands
 m - a wand of flame (14)
 n - a wand of mindburst (6)
 o - a wand of paralysis (12)
 z - a wand of polymorph (10)
Scrolls
 j - 5 scrolls of teleportation
 w - a scroll of magic mapping
 y - 5 scrolls of torment
 B - a scroll of blinking
 C - a scroll of identify
 D - a scroll of amnesia
Potions
 f - a potion of ambrosia {unknown}
 g - 3 potions of magic
 k - a potion of heal wounds {unknown}
 l - 2 potions of mutation
 p - 2 potions of flight
 s - 2 potions of curing
 u - a potion of lignification {unknown}
 v - a potion of might {unknown}
 A - a potion of berserk rage {unknown}
 F - a potion of haste {unknown}


   Skills:
 + Level 0.4 Fighting
 + Level 3.0 Dodging
 + Level 3.6 Stealth
 * Level 13.0 Spellcasting
 * Level 5.9 Conjurations
 * Level 10.6 Fire Magic


You had 25 spell levels left.
You knew the following spells:

 Your Spells              Type           Power      Damage    Failure   Level
a - Foxfire               Conj/Fire      100%       2x1d9     1%          1
b - Scorch                Fire           100%       2d10      1%          2
c - Conjure Flame         Conj/Fire      53%        6-21      1%          3
d - Flame Wave            Conj/Fire      53%        3d10      1%          4

Your spell library contained the following spells:

 Spells                   Type           Power      Damage    Failure   Level
 Inner Flame              Hex/Fire       41%        N/A       1%          3
 Slow                     Hex            60%        N/A       3%          1
 Confusing Touch          Hex            15%        N/A       12%         3
 Vampiric Draining        Necr           15%        2d7       12%         3
 Alistair's Intoxication  Tmut/Pois      10%        N/A       71%         5
 Borgnjor's Vile Clutch   Necr/Erth      7%         N/A       71%         5
 Eringya's Noxious Bog    Tmut/Pois      7%         N/A       99%         6


Dungeon Overview and Level Annotations

Branches:
Dungeon (7/15)
 Temple: D:4-7

Altars:
Uskayaw

Shops:
D:1 (


Message History

Casting: Foxfire (safe; 1% risk of failure)
Confirm with . or Enter, or press ? or * to list all spells.
You conjure some foxfire!
The foxfire hits the gargoyle but does no damage. x2
Unknown command.
Casting: Foxfire (safe; 1% risk of failure)
Confirm with . or Enter, or press ? or * to list all spells.
You conjure some foxfire!
The foxfire hits the gargoyle but does no damage.
The foxfire hits the gargoyle.
The gargoyle is lightly damaged.
Casting: Foxfire (safe; 1% risk of failure)
Confirm with . or Enter, or press ? or * to list all spells.
Flames lash the gargoyle but do no damage.
The foxfire hits the gargoyle but does no damage.
The gargoyle is lightly damaged.
The foxfire hits the gargoyle but does no damage.
The gargoyle is lightly damaged.
The foxfire hits the gargoyle but does no damage.
The gargoyle is lightly damaged.
Casting: Scorch (safe; 1% risk of failure)
Confirm with . or Enter, or press ? or * to list all spells.
You conjure some foxfire!
The gargoyle hurls a stone arrow at you.
The stone arrow hits you!!
Ouch! That really hurt!
* * * LOW HITPOINT WARNING * * *
The foxfire hits the gargoyle but does no damage.
The gargoyle is lightly damaged.
The foxfire hits the gargoyle.
The gargoyle is lightly damaged.
The gargoyle misses you.
Items here: $ ( ) = ? †.
You hit the gargoyle but do no damage.
The gargoyle is lightly damaged.
The gargoyle barely misses you.
You completely miss the gargoyle.
The gargoyle is lightly damaged.
The gargoyle hits you with a +0 flail!
You die...

...### #.......###...## .###
##...###..###... ### # #...#
#....###. ..# .#. #.#(#
#.......# ##..# #...
#.#...#....###. .#### #.(..
##.#####..###... ...###
......#####..#....###...##
.....###
#...9...##..###...####
####...#########@..#####...#.#
# ###...##.........##....#..#
#####.....#.........#.......##
#
..........##.......##.#######
# .####...#..#.......#..# #
.## ##.#...##.....##.## # ..##
..#.#..#.....#..# #
...##.##.#..##...##..#
#########
....#.##.#...#...#...#
#........


You could see a gargoyle.

Vanquished Creatures
  Pikel (D:4)
  2 cyclopes (D:7)
  A shadow (D:7)
  A wraith (D:7)
  6 yaks (D:6)
  A black bear (D:5)
  5 centaurs
  An ogre (D:4)
  A necrophage (D:5)
  A lemure (D:4)
  A phantom (D:4)
  3 bullfrogs
  2 scorpions
  A wyvern skeleton (D:7)
  2 water moccasin skeletons
  5 wights (D:7)
  2 bullfrog zombies (D:5)
  2 hounds
  A centaur zombie (D:5)
  A jelly (D:7)
  A centaur skeleton (D:4)
  A gnoll shaman (D:7)
  4 iguanas
  A scorpion zombie (D:4)
  An orc wizard (D:5)
  A hound skeleton (D:5)
  8 gnolls
  5 adders
  A white imp (D:6)
  A worm (D:2)
  3 dart slugs
  9 orcs
  8 ball pythons
  5 bats
  4 endoplasms
  A giant cockroach (D:1)
  4 goblins
  9 hobgoblins
  4 kobolds
  2 quokkas (D:2)
  5 frilled lizards
  7 rats
125 creatures vanquished.

Vanquished Creatures (others)
  353 foxfires
353 creatures vanquished.

Grand Total: 478 creatures vanquished

Notes
Turn   | Place    | Note
-------+----------+-------------------------------------------
     0 | D:1      | funkygono the Deep Elf Fire Elementalist began the quest
                  | for the Orb.
     0 | D:1      | Reached XP level 1. HP: 10/10 MP: 6/6
    63 | D:1      | Found a faded altar of an unknown god.
   239 | D:1      | Reached XP level 2. HP: 15/15 MP: 5/8
   242 | D:1      | Learned a level 2 spell: Scorch
   618 | D:1      | Found Fiutaw's Antique Weapon Emporium.
  1004 | D:2      | Reached XP level 3. HP: 19/19 MP: 5/10
  1008 | D:2      | Learned a level 3 spell: Conjure Flame
  3028 | D:3      | Reached XP level 4. HP: 24/24 MP: 8/11
  3033 | D:3      | Learned a level 4 spell: Flame Wave
  3299 | D:4      | Reached skill level 4 in Spellcasting
  3513 | D:4      | Reached skill level 5 in Fire Magic
  3666 | D:4      | Noticed a bullfrog
  3671 | D:4      | Killed a bullfrog
  3672 | D:4      | Reached XP level 5. HP: 28/28 MP: 5/14
  3675 | D:4      | Reached skill level 5 in Spellcasting
  3747 | D:4      | Noticed a phantom
  3756 | D:4      | Killed a phantom
  3757 | D:4      | Reached XP level 6. HP: 32/32 MP: 4/16
  3982 | D:4      | Noticed Pikel
  4227 | D:4      | Reached skill level 6 in Spellcasting
  4380 | D:4      | Identified the +0 robe of Bibeiniu {Harm rF+ rC+ Dex+4}
  4999 | D:4      | Killed Pikel
  5000 | D:4      | Reached skill level 7 in Spellcasting
  5000 | D:4      | Reached XP level 7. HP: 24/37 MP: 2/20
  5184 | D:5      | Entered Level 5 of the Dungeon
  5270 | D:5      | Reached skill level 8 in Spellcasting
  5270 | D:5      | Reached XP level 8. HP: 42/42 MP: 15/22
  6068 | D:5      | Reached skill level 9 in Spellcasting
  6601 | D:6      | Reached skill level 10 in Spellcasting
  6601 | D:6      | Reached skill level 5 in Conjurations
  6601 | D:6      | Reached XP level 9. HP: 36/46 MP: 6/25
  7432 | D:6      | Found a hide-covered altar of Uskayaw.
  7857 | D:7      | Reached skill level 11 in Spellcasting
  7899 | D:7      | Reached skill level 10 in Fire Magic
  8090 | D:7      | Reached skill level 12 in Spellcasting
  8493 | D:7      | Noticed a cyclops
  8500 | D:7      | Killed a cyclops
  8579 | D:7      | Noticed a cyclops
  8585 | D:7      | Killed a cyclops
  8586 | D:7      | Reached XP level 10. HP: 51/51 MP: 17/28
  8601 | D:7      | Reached skill level 13 in Spellcasting
  8608 | D:7      | Noticed a gargoyle
  8617 | D:7      | Slain by a gargoyle

Illustrated notes

Levels and vault maps discovered:
D:1:      wander_arrival_estate, layout_loops_ring, serial_shops,
          nicolae_shop_overgrown_old_shop, basic_ecumenical_altar,
          moated_statue, st_stairs_7
D:2:      layout_basic
D:3:      layout_basic
D:4:      layout_rooms, serial_corexii_hall, corexii_hall_statues_t,
          corexii_hall_statues_l, corexii_hall_statues_l,
          chequers_hall_statues_wall_a, chequers_hall_statues_wall_a,
          chequers_hall_statues_y, minmay_pentangle, uniq_pikel
D:5:      layout_loops_corners
D:6:      layout_loops_corners, nicolae_uskayaw_dance_hall
D:7:      minmay_the_grid_four_pointed_star
          [minmay_the_grid_triangle_9x9_odd_lines,
          minmay_the_grid_triangle_9x9_empty,
          minmay_the_grid_triangle_9x9_intruding_spiral,
          minmay_the_grid_triangle_9x9_longest,
          minmay_the_grid_prize_inner_circle], layout_loops_ring,
          minmay_temple_entry_drinking_statues, kennysheep_big_empty_room

Skill      XL: |  1  2  3  4  5  6  7  8  9 10 |
---------------+-------------------------------+-----
Fire Magic     | 4 5 7 9 10 | 10.6
Spellcasting   | 4 5 7 8 10 12 13 | 13.0
Conjurations   | 2 3 5 |  5.9
Stealth        | 3 |  3.6
Dodging        | 3 |  3.0
Fighting       | |  0.4

Action                   |  1- 3 |  4- 6 |  7- 9 | 10-12 || total
-------------------------+-------+-------+-------+-------++-------
Melee: Short sword       |     3 |       |     9 |     2 ||    14
 Cast: Foxfire           |    62 |    54 |    94 |    13 ||   223
       Scorch            |    19 |    17 |    38 |     2 ||    76
       Flame Wave        |       |       |     6 |       ||     6
  Use: Scroll            |     2 |     8 |     9 |       ||    19
 Stab: Sleeping          |       |       |     1 |       ||     1
Armor: Robe              |     6 |     5 |    13 |       ||    24
Dodge: Dodged            |     7 |    12 |    35 |     2 ||    56

Table legend: (Time is in decaauts)
 A = Elapsed time spent in this place.
 B = Non-inter-level travel time spent in this place.
 C = Inter-level travel time spent in this place.
 D = Time resting spent in this place.
 E = Time spent auto-exploring this place.
 F = Levels seen in this place.
 G = Mean time per level.
                   A        B        C        D        E       F      G
               +--------+--------+--------+--------+--------+-----+--------+
         Total |   8615 |   8481 |    134 |    775 |   6573 |   7 | 1230.7 |
       Dungeon |   8615 |   8481 |    134 |    775 |   6573 |   7 | 1230.7 |
               +--------+--------+--------+--------+--------+-----+--------+

Top non-repeatable levels by time:
     D:4: 1965 daAuts
     D:5: 1400 daAuts
     D:3: 1252 daAuts
     D:6: 1247 daAuts
     D:2: 1175 daAuts
     D:1: 788 daAuts
     D:7: 785 daAuts
